 Dungeon Crawl Stone Soup version 0.31-a0-145-g046c7d2549 (webtiles) character file.

Game seed: 14434599731315410050

56 qw the Shooter (level 3, -4/31 HPs)
             Began as a Minotaur Hunter on June 7, 2023.
             Killed by divine providence
             ... invoked by an orc priest
              (17 damage)
             ... on level 3 of the Dungeon.
             The game lasted 00:00:28 (1530 turns).

qw the Shooter (Minotaur Hunter)                    Turns: 1530, Time: 00:00:29

Health: -4/31      AC:  3    Str: 15    XL:     3   Next: 69%
Magic:  2/2        EV: 12    Int:  6    God:
Gold:   71         SH:  0    Dex: 15    Spells: 2/2 levels left

rFire   . . .        Y - +0 shortbow
rCold   . . .        (shield currently unavailable)
rNeg    . . .        c - +0 leather armour
rPois   .            (helmet restricted)
rElec   .            (no cloak)
rCorr   .            (no gloves)
SInv    .            (no boots)
Will    .....        (no amulet)
Stlth   +            (no ring)
HPRegen 0.25/turn    (no ring)
MPRegen 0.08/turn

%: no passive effects
@: no status effects
A: horns 2, retaliatory headbutt
a: no special abilities


You were on level 3 of the Dungeon.
You visited 1 branch of the dungeon, and saw 3 of its levels.

You collected 71 gold pieces.


Innate Abilities, Weirdness & Mutations

You have a pair of horns on your head.
You reflexively headbutt those who attack you in melee.


   Skills:
 - Level 3.0 Fighting
 + Level 5.7 Ranged Weapons
 - Level 2.1 Dodging
 - Level 0.7 Stealth


You had 2 spell levels left.
You didn't know any spells.
Your spell library was empty.

Inventory:

Hand Weapons
 Y - a +0 shortbow (weapon)
Armour
 c - a +0 leather armour (worn)
Scrolls
 a - a scroll of identify
Potions
 d - a potion of brilliance {unknown}
 f - a potion of curing {unknown}
 g - a potion of haste {unknown}

Dungeon Overview and Level Annotations

Branches:
Dungeon (3/15)

Altars:

Shops:
D:1 :


Message History

There is a stone staircase leading down here.
You climb downwards.
You hear the sound of rushing water.
There is an entrance to a sewer on this level.
Hurry and find it before the portal rusts away!
The orc shouts! x2; The orc priest shouts!
You hear a shout!
The orc shouts!
Found an escape hatch in the ceiling.
There is a stone staircase leading up here.
There are monsters nearby!
Waypoint 2 assigned to D:3.
1524 ||| PLANNING SEWER You shoot an arrow.
The arrow hits the orc priest but does no damage.
The orc priest casts a cantrip, but nothing happens.
You shoot an arrow. The arrow hits the orc priest.
The orc priest is moderately wounded.
The orc priest looks encouraged for a moment.
You shoot an arrow.
The arrow hits the orc priest but does no damage.
The orc priest is moderately wounded.
You shoot an arrow. The arrow hits the orc priest.
The orc priest is severely wounded.
The orc priest closely misses you.
You shoot an arrow.
The arrow closely misses the orc priest.
The arrow hits the orc but does no damage.
A hobgoblin comes into view.
The orc priest barely misses you.
You shoot an arrow.
The arrow closely misses the orc priest.
The orc hits you with a +6 morningstar!
A goblin comes into view.
It is wielding a +1 dagger of protection.
The orc priest mumbles some strange prayers to Beogh against you.
You barely resist.
1530 ||| STAIRDANCE The orc hits you with a +6 morningstar!
The hobgoblin barely misses you. You furiously retaliate!
You headbutt the hobgoblin.
The orc priest calls down the wrath of Beogh upon you.
Beogh smites you!
Ouch! That really hurt!
You die...

## .. .. ...
##g# ..#. #...
#.#.. #....
...... #....#
#.....#
#.....#oo.....
#....g@oo....<
#....#o#..##S#
#... #.. .#
#.. ##.. # #.
..# .. #.# .
.. ...


You could see an orc priest, an adder (wandering), 4 orcs, a hobgoblin and a
goblin.

Vanquished Creatures
  An adder (D:2)
  A gnoll (D:1)
  2 worms (D:2)
  3 endoplasms
  A giant cockroach (D:2)
  A hobgoblin (D:1)
  2 kobolds
  3 ball pythons
  7 bats
  3 frilled lizards (D:1)
  5 goblins
  3 rats
  A spectral goblin (D:2)
33 creatures vanquished.

Notes
Turn   | Place    | Note
-------+----------+-------------------------------------------
     0 | D:1      | qw the Minotaur Hunter began the quest for the Orb.
     0 | D:1      | Reached XP level 1. HP: 18/18 MP: 0/0
     0 | D:1      | 0 ||| qw: Version: 0.2-a-117-gc6b5c8b
     0 | D:1      | 0 ||| qw: Game counter: 2459
     0 | D:1      | 0 ||| qw: Always use a shield: true
     0 | D:1      | 0 ||| qw: God list: Okawaru
     0 | D:1      | 0 ||| qw: Allow faded altars: false
     0 | D:1      | 0 ||| qw: Do Orc after D:15 true
     0 | D:1      | 0 ||| qw: Do second Lair branch before Depths: true
     0 | D:1      | 0 ||| qw: Lair rune preference: random
     0 | D:1      | 0 ||| qw: Plans: Normal
     0 | D:1      | 0 ||| PLANNING D:1-11
   153 | D:1      | Found Onuskie's Book Shop.
   156 | D:1      | Reached XP level 2. HP: 24/25 MP: 1/1
   163 | D:1      | 163 ||| READING scroll labelled LAEWAPPUNUE.
   195 | D:1      | Reached skill level 5 in Ranged Weapons
   273 | D:1      | Reached skill level 3 in Fighting
   376 | D:1      | You fall into a shaft and drop 1 floor!
   446 | D:2      | Reached XP level 3. HP: 31/31 MP: 2/2
   532 | D:2      | 532 ||| READING 2 scrolls labelled WUSTAO TIREI.
   533 | D:2      | 533 ||| READING scroll labelled WECHOH VOXTERCH.
   534 | D:2      | 534 ||| READING scroll labelled OLADWY ONUL.
   535 | D:2      | 535 ||| READING scroll labelled TEXYR TYAPN.
   536 | D:2      | 536 ||| READING scroll labelled ZIJOKH UTYU.
   541 | D:2      | 541 ||| DROPPING scroll of butterflies.
   565 | D:2      | 565 ||| FLEEEEING.
   566 | D:2      | 566 ||| FLEEEEING.
   567 | D:2      | 567 ||| STAIRDANCE
  1058 | D:2      | Found a faded altar of an unknown god.
  1482 | D:2      | 1482 ||| READING scroll labelled FAREUV JEHOHI.
  1524 | D:3      | 1524 ||| PLANNING SEWER
  1530 | D:3      | 1530 ||| STAIRDANCE
  1530 | D:3      | Killed from afar by an orc priest

Levels and vault maps discovered:
D:1:      dreamdust_arrival_beginning_and_end, layout_loops_ring, serial_shops,
          shop
D:2:      layout_basic, dreamdust_ecumenical_altar_drowned_temple
D:3:      layout_rooms, lemuel_blue_sif_altar, portal_sewer_entry_a,
          minmay_misc_feat_cross, minmay_misc_feat_nine_boxes,
          chequers_serial_rivers_small_b, minmay_stone_trees_small, uniq_sigmund

Skill      XL: |  1  2 |
---------------+-------+-----
Ranged Weapons | 5 |  5.7
Fighting       | 3 |  3.0
Dodging        | |  2.1
Stealth        | |  0.7

Action                     || total
---------------------------++-------
   Fire: Shortbow          ||   105
    Use: Scroll            ||     7
 Armour: Leather armour    ||     7
  Dodge: Dodged            ||    23

Table legend:
 A = Non-vault XP
 B = Vault XP
 C = Vault XP percentage of total XP
 D = Non-vault monster count
 E = Vault monster count
 F = Vault count percentage of total count
                 A         B        C        D         E       F
            +---------+---------+-------+---------+---------+-------
      Total |      79 |       1 |   1.2 |      32 |       1 |   3.0
            +---------+---------+-------+---------+---------+-------
        D:1 |      37 |       0 |   0.0 |      18 |       0 |   0.0
        D:2 |      42 |       1 |   2.3 |      14 |       1 |   6.7
            +---------+---------+-------+---------+---------+-------
